 Dungeon Crawl Stone Soup version 0.30.0-21-gd299b56b3f (webtiles) character file.

Game seed: 2006810934735239441

220 qw the Chopper (level 5, -2/33 HPs)
             Began as a Gargoyle Fighter on June 2, 2023.
             Slain by a lemure (6 damage)
             ... led by Pikel
             ... on level 4 of the Dungeon.
             The game lasted 00:01:44 (2575 turns).

qw the Chopper (Gargoyle Fighter)                   Turns: 2575, Time: 00:01:44

Health: -2/33      AC: 16    Str: 22    XL:     5   Next: 97%
Magic:  5/5        EV:  6    Int:  8    God:
Gold:   178        SH:  4    Dex:  9    Spells: 4/4 levels left

rFire   . . .        Y - +1 war axe
rCold   . . .        c - +0 buckler
rNeg    + . .        f - +0 plate armour
rPois   inf          (no helmet)
rElec   +            (no cloak)
rCorr   .            k - +0 pair of gloves
SInv    .            (no boots)
Will    .....        (no amulet) Stlth
                     (no ring)
HPRegen 0.25/turn    (no ring)
MPRegen 0.09/turn

%: no passive effects
@: no status effects
A: sickness immunity, AC +4, negative energy resistance 1, electricity
resistance, torment resistance 1, petrification resistance
a: no special abilities


You were on level 4 of the Dungeon.
You visited 1 branch of the dungeon, and saw 4 of its levels.

You collected 178 gold pieces.


Innate Abilities, Weirdness & Mutations

You are immune to sickness and miasma.
Your stone body is resilient. (AC +4)
You are immune to poison.
You resist negative energy. (rN+)
You are resistant to electric shocks. (rElec)
You are resistant to unholy torment.
You are immune to petrification.


   Skills:
 - Level 4.0 Fighting
 + Level 5.1 Axes
 - Level 3.2 Armour
 - Level 3.2 Shields


You had 4 spell levels left.
You didn't know any spells.
Your spell library was empty.

Inventory:

Hand Weapons
 n - a +0 flail
 Y - a +1 war axe (weapon)
Armour
 c - a +0 buckler (worn)
 f - a +0 plate armour (worn)
 k - a +0 pair of gloves (worn)
Scrolls
 a - a scroll of identify
Potions
 d - 3 potions of might
 e - a potion of lignification
 h - a potion of curing
 j - a potion of attraction {unknown}
 l - a potion of magic {unknown}

Dungeon Overview and Level Annotations

Branches:
Dungeon (4/15)
 Temple: D:4-7

Altars:
Qazlal
Xom

Annotations:
D:4 Pikel


Message History

You closely miss the lemure.
The lemure is heavily wounded.
You hit the lemure but do no damage. The lemure hits you but does no damage.
The lemure hits you. The lemure barely misses you.
The lemure closely misses you.
You slash the lemure!
The lemure is almost dead.
You slash the lemure! You block the lemure's attack.
The lemure hits you but does no damage.
You hit the lemure.
You kill the lemure!
That felt strangely unrewarding.
You hit the lemure. You block the lemure's attack. You block Pikel's attack.
You hit the lemure.
The lemure is almost dead.
You slash Pikel!
Pikel hits you with a +0 whip of flaming!
Pikel burns you. The lemure hits you but does no damage.
You block Pikel's attack. The lemure barely misses you.
You barely miss the lemure.
The lemure is almost dead.
You hit Pikel but do no damage. You block Pikel's attack.
Pikel hits you but does no damage. The lemure barely misses you.
You barely miss the lemure.
The lemure is almost dead.
You slash Pikel!
Pikel hits you with a +0 whip of flaming.
Pikel burns you. The lemure barely misses you.
Pikel hits you but does no damage.
You hit the lemure.
The lemure is almost dead.
You closely miss Pikel. Pikel hits you but does no damage.
The lemure barely misses you. Pikel hits you but does no damage.
You closely miss the lemure.
The lemure is almost dead.
You slash Pikel! Pikel hits you but does no damage. The lemure hits you.
You die...

#.####
#^..<#######.#
####.#........
#.........#
#..~.8.~...
#..~...~..#
#.#####..~~.~~.##
#........~~.~~.#
########@~~.~~.#
#..5K~~_~~..
#(##5~~~~~.. #
#5.~~~...
#........
###...... .###..
.# ..


You could see Pikel (fast) and 3 lemures.

Vanquished Creatures
  A lemure (D:4)
  Ijyb (D:3)
  An orc priest (D:3)
  Jessica (D:2)
  4 adders
  4 worms (D:2)
  2 dart slugs
  11 orcs (D:3)
  6 ball pythons
  5 endoplasms
  5 giant cockroaches
  9 hobgoblins
  2 quokkas
  5 bats (D:1)
  2 frilled lizards
  7 goblins
  6 kobolds
  3 rats (D:1)
75 creatures vanquished.

Notes
Turn   | Place    | Note
-------+----------+-------------------------------------------
     0 | D:1      | qw the Gargoyle Fighter began the quest for the Orb.
     0 | D:1      | Reached XP level 1. HP: 14/14 MP: 1/1
     0 | D:1      | 0 ||| qw: Version: 0.2-a-102-gdf20003
     0 | D:1      | 0 ||| qw: Game counter: 798
     0 | D:1      | 0 ||| qw: Always use a shield: true
     0 | D:1      | 0 ||| qw: God list: Okawaru
     0 | D:1      | 0 ||| qw: Allow faded altars: false
     0 | D:1      | 0 ||| qw: Do Orc after D:15 true
     0 | D:1      | 0 ||| qw: Do second Lair branch before Depths: true
     0 | D:1      | 0 ||| qw: Lair rune preference: random
     0 | D:1      | 0 ||| qw: Plans: Normal, Zot:1-4, Slime:5, God:TSO, Crypt,
                  | Tomb, Pan, Hells, Abyss, Win
     0 | D:1      | 0 ||| PLANNING D:1-11
   107 | D:1      | Reached skill level 2 in Axes
   212 | D:1      | Reached XP level 2. HP: 19/19 MP: 2/2
   327 | D:1      | 327 ||| Stepping ~*~*~tactically~*~*~ (stealth).
   452 | D:1      | 452 ||| UPGRADING to +0 chain mail.
   462 | D:1      | 462 ||| DROPPING +0 scale mail.
   463 | D:1      | 463 ||| READING 3 scrolls labelled CUELID QULEXI.
   464 | D:1      | 464 ||| READING scroll labelled RUXA WEYNA.
   466 | D:1      | 466 ||| READING scroll labelled IRUEMA LIKEALO.
   467 | D:1      | 467 ||| READING 2 scrolls of identify.
   467 | D:1      | 467 ||| IDENTIFYING metallic white potion
   468 | D:1      | 468 ||| DROPPING potion of brilliance.
   474 | D:1      | Reached skill level 3 in Axes
   519 | D:1      | Reached XP level 3. HP: 17/23 MP: 3/3
   556 | D:1      | 556 ||| Stepping ~*~*~tactically~*~*~ (stealth).
   788 | D:2      | 788 ||| Stepping ~*~*~tactically~*~*~ (hiding).
   789 | D:2      | 789 ||| Stepping ~*~*~tactically~*~*~ (hiding).
   913 | D:2      | 913 ||| DROPPING +0 club.
  1002 | D:2      | 1002 ||| Stepping ~*~*~tactically~*~*~ (stealth).
  1003 | D:2      | 1003 ||| Stepping ~*~*~tactically~*~*~ (stealth).
  1026 | D:2      | Reached XP level 4. HP: 27/28 MP: 4/4
  1060 | D:2      | Reached skill level 4 in Axes
  1083 | D:2      | Noticed Jessica
  1084 | D:2      | 1084 ||| Stepping ~*~*~tactically~*~*~ (hiding).
  1090 | D:2      | Killed Jessica
  1111 | D:2      | 1111 ||| Stepping ~*~*~tactically~*~*~ (stealth).
  1246 | D:2      | 1246 ||| FLEEEEING.
  1467 | D:2      | Found a stormy altar of Qazlal.
  1494 | D:2      | 1494 ||| UPGRADING to +0 pair of gloves.
  1499 | D:2      | 1499 ||| READING 2 scrolls labelled DUOBRO PORGHUF.
  1504 | D:2      | 1504 ||| READING scroll labelled VIHAUFFOEMOPH.
  1505 | D:2      | 1505 ||| READING scroll labelled CAOWKA JAFA.
  1506 | D:2      | 1506 ||| READING 2 scrolls of identify.
  1506 | D:2      | 1506 ||| IDENTIFYING smoky yellow potion
  1530 | D:3      | Noticed Ijyb
  1531 | D:3      | 1531 ||| FLEEEEING.
  1532 | D:3      | 1532 ||| FLEEEEING.
  1533 | D:3      | 1533 ||| FLEEEEING.
  1534 | D:3      | 1534 ||| STAIRDANCE
  1565 | D:3      | Killed Ijyb
  1566 | D:3      | Reached XP level 5. HP: 18/32 MP: 5/5
  1804 | D:3      | 1804 ||| Stepping ~*~*~tactically~*~*~ (hiding).
  1818 | D:3      | Reached skill level 5 in Axes
  1834 | D:3      | 1834 ||| DROPPING +0 whip.
  1944 | D:3      | 1944 ||| Stepping ~*~*~tactically~*~*~ (hiding).
  1956 | D:3      | HP: 6/32 [orc priest/divine providence (8)]
  1957 | D:3      | 1957 ||| READING scroll of teleportation.
  1978 | D:3      | 1978 ||| FLEEEEING.
  1979 | D:3      | 1979 ||| FLEEEEING.
  1980 | D:3      | 1980 ||| FLEEEEING.
  1981 | D:3      | 1981 ||| FLEEEEING.
  1982 | D:3      | 1982 ||| FLEEEEING.
  1983 | D:3      | 1983 ||| FLEEEEING.
  1984 | D:3      | 1984 ||| FLEEEEING.
  1985 | D:3      | 1985 ||| FLEEEEING.
  1986 | D:3      | 1986 ||| FLEEEEING.
  1987 | D:3      | 1987 ||| FLEEEEING.
  1995 | D:3      | 1995 ||| STAIRDANCE
  2064 | D:2      | 2064 ||| UPGRADING to +0 plate armour.
  2074 | D:2      | 2074 ||| DROPPING +0 chain mail.
  2075 | D:2      | 2075 ||| READING scroll labelled QOEDUI DUOZAC.
  2076 | D:2      | 2076 ||| READING scroll labelled UTOCER YRUSOSCHIOMM.
  2077 | D:2      | 2077 ||| READING 2 scrolls of identify.
  2077 | D:2      | 2077 ||| IDENTIFYING golden potion
  2197 | D:3      | 2197 ||| Stepping ~*~*~tactically~*~*~ (stealth).
  2204 | D:3      | 2204 ||| Stepping ~*~*~tactically~*~*~ (stealth).
  2205 | D:3      | 2205 ||| Stepping ~*~*~tactically~*~*~ (stealth).
  2224 | D:3      | 2224 ||| FLEEEEING.
  2284 | D:3      | 2284 ||| Stepping ~*~*~tactically~*~*~ (stealth).
  2535 | D:4      | Found a shimmering altar of Xom.
  2555 | D:4      | Noticed a lemure
  2555 | D:4      | Noticed a lemure
  2557 | D:4      | Noticed a lemure
  2559 | D:4      | Noticed a lemure
  2564 | D:4      | Noticed Pikel
  2570 | D:4      | Killed a lemure
  2571 | D:4      | HP: 8/33 [Pikel/+0 whip of flaming (10)]
  2573 | D:4      | HP: 3/33 [Pikel/+0 whip of flaming (1)]
  2575 | D:4      | Slain by a lemure

Levels and vault maps discovered:
D:1:      dpeg_arrival_erosion, layout_basic, minmay_pentomino_s2
D:2:      layout_rooms, basic_altar, uniq_jessica
D:3:      layout_basic, uniq_ijyb
D:4:      layout_loops_ring, mainiacjoe_overflow_catwalk, zin_angel,
          grunt_temple_overflow_open, minmay_temple_entry_junction, uniq_pikel,
          uniq_natasha

Skill      XL: |  1  2  3  4  5 |
---------------+----------------+-----
Axes           | 2 3 4 5 |  5.1
Fighting       | 4 |  4.0
Armour         | |  3.2
Shields        | |  3.2

Action                     |  1- 3 |  4- 6 || total
---------------------------+-------+-------++-------
  Melee: War axe           |   125 |   114 ||   239
    Use: Scroll            |     4 |     8 ||    12
 Armour: Scale mail        |    22 |       ||    22
         Chain mail        |    52 |    31 ||    83
         Plate armour      |       |    27 ||    27
  Dodge: Dodged            |    58 |    38 ||    96
  Block: Buckler           |    28 |    16 ||    44

Table legend:
 A = Non-vault XP
 B = Vault XP
 C = Vault XP percentage of total XP
 D = Non-vault monster count
 E = Vault monster count
 F = Vault count percentage of total count
                 A         B        C        D         E       F
            +---------+---------+-------+---------+---------+-------
      Total |     237 |      78 |  24.8 |      70 |       4 |   5.4
            +---------+---------+-------+---------+---------+-------
        D:1 |      46 |       3 |   6.1 |      26 |       2 |   7.1
        D:2 |      75 |      37 |  33.0 |      20 |       1 |   4.8
        D:3 |      99 |      38 |  27.7 |      21 |       1 |   4.5
        D:4 |      17 |       0 |   0.0 |       3 |       0 |   0.0
            +---------+---------+-------+---------+---------+-------
